 Dungeon Sprint DCSS version 0.28-a0-1213-g0243856f03 (webtiles) character file.

Game seed: 10706101789367036239

14 rocky1 the Insei (level 2, 0/23 HPs)
             Began as a Gnoll Transmuter on Dec 22, 2021.
             Was a Follower of Sif Muna.
             Slain by a gnoll (7 damage)
             ... in the Dungeon (Sprint VII: "The Pits").
             The game lasted 00:00:35 (298 turns).

rocky1 the Insei (Gnoll Transmuter)                  Turns: 298, Time: 00:00:35

Health: 0/23       AC:  2    Str:  9    XL:     2   Next: 45%
Magic:  7/8        EV: 13    Int: 12    God:    Sif Muna [*.....]
Gold:   0          SH:  0    Dex: 12    Spells: 10/11 levels left

rFire   . . .      SeeInvis .     - Unarmed
rCold   . . .      Faith    .   (no shield)
rNeg    . . .      Spirit   .   a - +0 robe
rPois   .          Reflect  .   (helmet currently unavailable)
rElec   .          Harm     .   (no cloak)
rCorr   .          Rampage  .   (no gloves)
Will    .....      NoTele   +   (boots currently unavailable)
Stlth   ++........              (no amulet)
HPRegen 0.07/turn               (no ring)
MPRegen 0.11/turn               (no ring)

@: appendages
A: horns 2, talons 2, fangs 1, strong nose, distributed training
a: End Transformation, Renounce Religion, Channel Magic


You were in the Dungeon.
You worshipped Sif Muna.
Sif Muna was aware of your devotion.
You had temporarily grown beastly horns and talons.
You visited 1 branch

Inventory:

Armour
 a - a +0 robe (worn)
Scrolls
 g - a scroll of blinking
 i - 5 scrolls of amnesia
 j - a scroll of summoning
Potions
 b - a potion of curing
 c - a potion of heal wounds
 d - a potion of haste
 e - 4 potions of magic
 f - 3 potions of berserk rage
 h - 2 potions of invisibility


   Skills:
 + Level 2.9 Fighting
 + Level 1.4 Short Blades
 + Level 1.4 Long Blades
 + Level 1.4 Axes
 + Level 1.4 Maces & Flails
 + Level 1.4 Polearms
 + Level 1.4 Staves
 + Level 1.4 Slings
 + Level 1.4 Bows
 + Level 1.4 Crossbows
 + Level 1.4 Throwing
 + Level 1.4 Armour
 + Level 4.7 Dodging
 + Level 1.4 Stealth
 + Level 1.4 Shields
 + Level 6.6 Unarmed Combat
 + Level 5.1 Spellcasting
 + Level 1.1 Conjurations
 + Level 1.1 Hexes
 + Level 1.1 Summonings
 + Level 1.1 Necromancy
 + Level 1.1 Translocations
 + Level 3.9 Transmutations
 + Level 1.1 Fire Magic
 + Level 1.1 Ice Magic
 + Level 1.1 Air Magic
 + Level 1.1 Earth Magic
 + Level 1.1 Poison Magic
 + Level 1.5 Invocations
 + Level 1.4 Evocations


You had 10 spell levels left.
You knew the following spells:

 Your Spells              Type           Power      Damage    Failure   Level
a - Beastly Appendage     Tmut           24%        N/A       3%          1

Your spell library contained the following spells:

 Spells                   Type           Power      Damage    Failure   Level
 Wereblood                Tmut           12%        N/A       6%          2
 Spider Form              Tmut/Pois      9%         N/A       21%         3
 Ice Form                 Ice/Tmut       9%         N/A       56%         4


Dungeon Overview and Level Annotations

Branches:
Dungeon (1/1)

Altars:
Ashenzari
Cheibriados
Dithmenos
Elyvilon
Fedhas
Gozag
Hepliaklqana
Kikubaaqudgha
Makhleb
Nemelex Xobeh
Okawaru
Qazlal
Ru
Sif Muna
Trog
Uskayaw
Vehumet
Wu Jian
Xom
Yredelemnul
Zin
The Shining One
Beogh
Jiyva
Lugonu


Innate Abilities, Weirdness & Mutations

You have temporarily grown beastly horns and talons.
You have very sharp teeth.
Your uncanny sense of smell can sniff out nearby items.
Your experience applies equally to all skills.


Message History

You start resting.
Magic restored.
You start resting.
Your horns disappear.
Your talons disappear.
You start resting.
HP restored.
You start waiting.
You start waiting.
Done waiting.
There is an open door here.
Things that are here:
a +0 club; a +0 dagger You open the door.
A giant cockroach and a gnoll come into view.
Casting: Beastly Appendage (safe; 4% risk of failure)
Confirm with . or Enter, or press ? or * to list all spells.
You grow a pair of large bovine horns.
Your feet morph into talons.
The gnoll shouts!
A giant cockroach comes into view.
You hit the giant cockroach. You headbutt the giant cockroach.
The giant cockroach is almost dead.
The gnoll hits you from afar with a +0 spear.
The giant cockroach misses you.
You hit the giant cockroach.
You kill the giant cockroach!
Sif Muna accepts your kill.
You can now call upon Sif Muna for magical energy.
The gnoll hits you from afar with a +0 spear!
You are too injured to fight recklessly!
You punch the giant cockroach!
You kill the giant cockroach!
Sif Muna accepts your kill.
The gnoll hits you from afar with a +0 spear.
The gnoll closely misses you.
There is an open door here.
You see here a giant cockroach corpse.
You hit the gnoll. Your bite misses the gnoll.
The gnoll is moderately wounded.
The gnoll hits you with a +0 spear!
You die...

_________.#
_______...###########
##########'##.........
#.?(.')))'.##......#..
##########.##.........
#..........)'.........
#+#####)#####......#..
#..#..#∆∆ #.........
#.g@..#∆∆ ####'#####
#..####∆∆ #.......#
#.. ∆∆ #.......# #..
∆∆ #.......# ##+
#...<...# #.......#
#.......# #.......#
#########


You could see a gnoll.

Vanquished Creatures
  A gnoll (D)
  2 giant cockroaches (D)
  A goblin (D)
  A kobold (D)
5 creatures vanquished.

Notes
Turn   | Place    | Note
-------+----------+-------------------------------------------
     0 | D        | rocky1 the Gnoll Transmuter began the quest for the Orb.
     0 | D        | Reached XP level 1. HP: 17/17 MP: 6/6
    23 | D        | Found a bloodstained altar of Trog.
    23 | D        | Found a shimmering blue altar of Sif Muna.
    23 | D        | Found a viscous altar of Jiyva.
    23 | D        | Found a hazy altar of Hepliaklqana.
    23 | D        | Found an opulent altar of Gozag.
    24 | D        | Found a glowing golden altar of the Shining One.
    24 | D        | Found a glowing silver altar of Zin.
    24 | D        | Found a basalt altar of Yredelemnul.
    24 | D        | Found a shimmering altar of Xom.
    24 | D        | Found an ornate altar of the Wu Jian Council.
    24 | D        | Found a sacrificial altar of Ru.
    24 | D        | Found a stormy altar of Qazlal.
    24 | D        | Found an iron altar of Okawaru.
    24 | D        | Found a sparkling altar of Nemelex Xobeh.
    24 | D        | Found a burning altar of Makhleb.
    24 | D        | Found a blossoming altar of Fedhas.
    24 | D        | Found a white marble altar of Elyvilon.
    24 | D        | Found a shadowy altar of Dithmenos.
    24 | D        | Found a snail-covered altar of Cheibriados.
    26 | D        | Found a radiant altar of Vehumet.
    26 | D        | Found a corrupted altar of Lugonu.
    27 | D        | Found a hide-covered altar of Uskayaw.
    27 | D        | Found an ancient bone altar of Kikubaaqudgha.
    27 | D        | Found a broken altar of Ashenzari.
    29 | D        | Became a worshipper of Sif Muna the Loreminder
    66 | D        | Reached skill level 1 in Short Blades
    66 | D        | Reached skill level 1 in Long Blades
    66 | D        | Reached skill level 1 in Axes
    66 | D        | Reached skill level 1 in Maces & Flails
    66 | D        | Reached skill level 1 in Polearms
    66 | D        | Reached skill level 1 in Staves
    66 | D        | Reached skill level 1 in Slings
    66 | D        | Reached skill level 1 in Bows
    66 | D        | Reached skill level 1 in Crossbows
    66 | D        | Reached skill level 1 in Throwing
    66 | D        | Reached skill level 1 in Armour
    66 | D        | Reached skill level 1 in Stealth
    66 | D        | Reached skill level 1 in Shields
    66 | D        | Reached skill level 5 in Spellcasting
    66 | D        | Reached skill level 1 in Conjurations
    66 | D        | Reached skill level 1 in Hexes
    66 | D        | Reached skill level 1 in Summonings
    66 | D        | Reached skill level 1 in Necromancy
    66 | D        | Reached skill level 1 in Translocations
    66 | D        | Reached skill level 1 in Fire Magic
    66 | D        | Reached skill level 1 in Ice Magic
    66 | D        | Reached skill level 1 in Air Magic
    66 | D        | Reached skill level 1 in Earth Magic
    66 | D        | Reached skill level 1 in Poison Magic
    66 | D        | Reached skill level 1 in Invocations
    66 | D        | Reached skill level 1 in Evocations
    66 | D        | Reached XP level 2. HP: 19/23 MP: 6/8
   295 | D        | Reached * piety under Sif Muna
   298 | D        | Slain by a gnoll

Illustrated notes

Levels and vault maps discovered:
D:        pitsprint [storerooms_1, entrance_room_1, metal_vault_2, armoury_1,
          mini_pit_1, grid_room_1, main_hall_1, silver_pit, the_coven_3,
          the_vestibule_1, steel_vault_3, golden_pit, hallway_of_sentries,
          crystal_vault_5, iron_vault_4, final_vault]

Skill      XL: |  1 |
---------------+----+-----
Short Blades   | 1 |  1.4
Long Blades    | 1 |  1.4
Axes           | 1 |  1.4
Maces & Flails | 1 |  1.4
Polearms       | 1 |  1.4
Staves         | 1 |  1.4
Slings         | 1 |  1.4
Bows           | 1 |  1.4
Crossbows      | 1 |  1.4
Throwing       | 1 |  1.4
Armour         | 1 |  1.4
Stealth        | 1 |  1.4
Shields        | 1 |  1.4
Spellcasting   | 5 |  5.1
Conjurations   | 1 |  1.1
Hexes          | 1 |  1.1
Summonings     | 1 |  1.1
Necromancy     | 1 |  1.1
Translocations | 1 |  1.1
Fire Magic     | 1 |  1.1
Ice Magic      | 1 |  1.1
Air Magic      | 1 |  1.1
Earth Magic    | 1 |  1.1
Poison Magic   | 1 |  1.1
Invocations    | 1 |  1.5
Evocations     | 1 |  1.4
Fighting       | |  2.9
Dodging        | |  4.7
Unarmed Combat | |  6.6
Transmutations | |  3.9

Action                   || total
-------------------------++-------
Melee: Unarmed           ||    13
       Kick              ||     3
       Bite              ||     1
       Headbutt          ||     1
 Cast: Beastly Appendage ||     3
Armor: Robe              ||     1
Dodge: Dodged            ||     5

Table legend: (Time is in decaauts)
 A = Elapsed time spent in this place.
 B = Non-inter-level travel time spent in this place.
 C = Inter-level travel time spent in this place.
 D = Time resting spent in this place.
 E = Time spent auto-exploring this place.
 F = Levels seen in this place.
 G = Mean time per level.
                   A        B        C        D        E       F      G
               +--------+--------+--------+--------+--------+-----+--------+
         Total |    296 |    296 |      0 |    222 |      0 |   1 |  296.0 |
       Dungeon |    296 |    296 |      0 |    222 |      0 |   1 |  296.0 |
               +--------+--------+--------+--------+--------+-----+--------+

Top non-repeatable levels by time:
       D: 296 daAuts
